3L
ATHLETIC CLUB KC @ NASHVILLE OUTLAWS
08/30/2042
 
TOP OF THE 1ST
Athletic Club KC batting - Pitching for Nashville Outlaws : RHP Jesús Cruz
Pitching: RHP Jesús Cruz
Batting: LHB Cisco Hernández 0-0: Ball
1-0: Fly out, F9 (Flyball, 9D, EV 95.0 MPH)
Batting: LHB Rafael Padilla 0-0: Called Strike
0-1: Ground out 6-3 (Groundball, 6, EV 97.5 MPH)
Batting: RHB Jimbob Ghostkeeper 0-0: Swinging Strike
0-1: Ball
1-1: Foul Ball, location: 2F
1-2: Foul Ball, location: 2F
1-2: Fly out, F9 (Flyball, 9S, EV 80.6 MPH)
Top of the 1st over - 0 runs, 0 hits, 0 errors, 0 left on base; Athletic Club KC 0 - Nashville 0
BOTTOM OF THE 1ST
Nashville Outlaws batting - Pitching for Athletic Club KC : LHP Roman Phansalker
Pitching: LHP Roman Phansalker
Batting: LHB Daniel Page 0-0: Ball
1-0: Ball
2-0: Ground out 4-3 (Groundball, 4, EV 100.6 MPH)
Batting: LHB Juan Santángel 0-0: SINGLE (Line Drive, 56D, EV 113.8 MPH)
Batting: RHB Shimei Miura 0-0: Foul Ball, location: 2F
0-1: Swinging Strike
0-2: Strikes out swinging
Batting: LHB Nikolai Volkoff 0-0: Ball
1-0: Foul Ball, location: 2F
1-1: Ground out 4-3 (Groundball, 4, EV 88.1 MPH)
Bottom of the 1st over - 0 runs, 1 hit, 0 errors, 1 left on base; Athletic Club KC 0 - Nashville 0
TOP OF THE 2ND
Athletic Club KC batting - Pitching for Nashville Outlaws : RHP Jesús Cruz
Batting: SHB Mike Ríos 0-0: Foul Ball, location: 2F
0-1: Ball
1-1: Foul Ball, location: 2F
1-2: Ball
2-2: Ball
3-2: Foul Ball, location: 2F
3-2: SINGLE (Line Drive, 3D, EV 106.9 MPH)
Batting: RHB Ali Ben Bongo 0-0: Ball
1-0: Grounds into double play, 4-6-3 (Groundball, 34, EV 78.1 MPH)
Batting: RHB James Hemwick 0-0: Called Strike
0-1: Fly out, F5 (Line Drive, 5, EV 70.6 MPH)
Top of the 2nd over - 0 runs, 1 hit, 0 errors, 0 left on base; Athletic Club KC 0 - Nashville 0
BOTTOM OF THE 2ND
Nashville Outlaws batting - Pitching for Athletic Club KC : LHP Roman Phansalker
Batting: RHB Bastiaan Pieterse 0-0: Fly out, F7 (Flyball, 7, EV 90.0 MPH)
Batting: RHB Broderick Sarcoma 0-0: Called Strike
0-1: Ball
1-1: Ball
2-1: Ball
3-1: Fly out, F8 (Flyball, 8RS, EV 94.4 MPH)
Batting: LHB Bartolo Soto 0-0: Ball
1-0: Foul Ball, location: 2F
1-1: Swinging Strike
1-2: Ground out 6-3 (Groundball, 6MD, EV 105.6 MPH)
Bottom of the 2nd over - 0 runs, 0 hits, 0 errors, 0 left on base; Athletic Club KC 0 - Nashville 0
TOP OF THE 3RD
Athletic Club KC batting - Pitching for Nashville Outlaws : RHP Jesús Cruz
Batting: RHB Scott Dourque 0-0: Called Strike
0-1: Ball
1-1: Swinging Strike
1-2: Ball
2-2: Foul Ball, location: 2F
2-2: Strikes out swinging
Batting: RHB Gerold Olthof 0-0: Called Strike
0-1: Ball
1-1: Ball
2-1: Foul Ball, location: 2F
2-2: Fly out, F8 (Flyball, 8LD, EV 93.8 MPH)
Batting: RHB Karel van Capelle 0-0: Ball
1-0: Called Strike
1-1: Ball
2-1: Ball
3-1: Swinging Strike
3-2: Foul Ball, location: 2F
3-2: Strikes out swinging
Top of the 3rd over - 0 runs, 0 hits, 0 errors, 0 left on base; Athletic Club KC 0 - Nashville 0
BOTTOM OF THE 3RD
Nashville Outlaws batting - Pitching for Athletic Club KC : LHP Roman Phansalker
Batting: LHB Duff Eckstein 0-0: Called Strike
0-1: Ball
1-1: Swinging Strike
1-2: Foul Ball, location: 2F
1-2: Ground out 1-3 (Groundball, 34S, EV 85.0 MPH)
Batting: LHB Wilson Hernández 0-0: Foul Ball, location: 2F
0-1: Ball
1-1: Ball
2-1: Swinging Strike
2-2: Strikes out swinging
Batting: LHB Daniel Page 0-0: Ball
1-0: Fly out, F7 (Flyball, 78S, EV 83.1 MPH)
Bottom of the 3rd over - 0 runs, 0 hits, 0 errors, 0 left on base; Athletic Club KC 0 - Nashville 0
TOP OF THE 4TH
Athletic Club KC batting - Pitching for Nashville Outlaws : RHP Jesús Cruz
Batting: LHB Cisco Hernández 0-0: Ball
1-0: Ground out U3 (Groundball, 34, EV 110.0 MPH)
Batting: LHB Rafael Padilla 0-0: Called Strike
0-1: Fly out, F8 (Flyball, 8LM, EV 90.6 MPH)
Batting: RHB Jimbob Ghostkeeper 0-0: Ball
1-0: Called Strike
1-1: Foul Ball, location: 2F
1-2: Ball
2-2: Ground out 1-3 (Groundball, P, EV 91.2 MPH)
Top of the 4th over - 0 runs, 0 hits, 0 errors, 0 left on base; Athletic Club KC 0 - Nashville 0
BOTTOM OF THE 4TH
Nashville Outlaws batting - Pitching for Athletic Club KC : LHP Roman Phansalker
Batting: LHB Juan Santángel 0-0: Foul Ball, location: 2F
0-1: Ball
1-1: Called Strike
1-2: Foul Ball, location: 2F
1-2: Ball
2-2: Ground out 6-3 (Groundball, 6, EV 86.9 MPH)
Batting: RHB Shimei Miura 0-0: Ball
1-0: Ball
2-0: Called Strike
2-1: Ball
3-1: Ground out 6-3 (Groundball, 6, EV 87.5 MPH)
Batting: LHB Nikolai Volkoff 0-0: Called Strike
0-1: Called Strike
0-2: Ball
1-2: Ball
2-2: Foul Ball, location: 2F
2-2: Strikes out swinging
Bottom of the 4th over - 0 runs, 0 hits, 0 errors, 0 left on base; Athletic Club KC 0 - Nashville 0
TOP OF THE 5TH
Athletic Club KC batting - Pitching for Nashville Outlaws : RHP Jesús Cruz
Batting: SHB Mike Ríos 0-0: Foul Ball, location: 2F
0-1: Ball
1-1: Ball
2-1: Foul Ball, location: 2F
2-2: Ground out 4-3 (Groundball, 4M, EV 105.0 MPH)
Batting: RHB Ali Ben Bongo 0-0: Ball
1-0: Called Strike
1-1: Fly out, F9 (Flyball, 9, EV 90.6 MPH)
Batting: RHB James Hemwick 0-0: Called Strike
0-1: Ball
1-1: Foul Ball, location: 2F
1-2: Strikes out swinging
Top of the 5th over - 0 runs, 0 hits, 0 errors, 0 left on base; Athletic Club KC 0 - Nashville 0
BOTTOM OF THE 5TH
Nashville Outlaws batting - Pitching for Athletic Club KC : LHP Roman Phansalker
Batting: RHB Bastiaan Pieterse 0-0: Ball
1-0: Ball
2-0: SINGLE (Line Drive, 4MD, EV 96.2 MPH)
Batting: RHB Broderick Sarcoma 0-0: Fielders Choice at 2nd, 3-6 (Groundball, 3, EV 101.9 MPH)
Batting: LHB Bartolo Soto 0-0: Called Strike
0-1: Foul Ball, location: 2F
0-2: Ball
1-2: Foul Ball, location: 2F
1-2: Ball
2-2: Foul Ball, location: 2F
2-2: Strikes out looking
Batting: LHB Duff Eckstein 0-0: Foul Ball, location: 2F
0-1: Ball
1-1: Ball
2-1: Fly out, F1 (Line Drive, P, EV 75.6 MPH)
Bottom of the 5th over - 0 runs, 1 hit, 0 errors, 1 left on base; Athletic Club KC 0 - Nashville 0
TOP OF THE 6TH
Athletic Club KC batting - Pitching for Nashville Outlaws : RHP Jesús Cruz
Batting: RHB Scott Dourque 0-0: Swinging Strike
0-1: Swinging Strike
0-2: Strikes out swinging
Batting: RHB Gerold Olthof 0-0: Called Strike
0-1: Ground out 3-1 (Groundball, 34, EV 86.9 MPH)
Batting: RHB Karel van Capelle 0-0: Ground out 6-3 (Groundball, 6, EV 85.0 MPH)
Top of the 6th over - 0 runs, 0 hits, 0 errors, 0 left on base; Athletic Club KC 0 - Nashville 0
BOTTOM OF THE 6TH
Nashville Outlaws batting - Pitching for Athletic Club KC : LHP Roman Phansalker
Batting: LHB Wilson Hernández 0-0: Called Strike
0-1: Foul Ball, location: 2F
0-2: Foul Ball, location: 2F
0-2: Ball
1-2: Ball
2-2: SINGLE (Popup, 3D, EV 70.0 MPH)
Batting: LHB Daniel Page 0-0: Sac Bunt to 2L - play at first, batter OUT! 2-4
Wilson Hernández to second
Batting: LHB Juan Santángel 0-0: Ball
1-0: Ball
2-0: Ground out 1-3 (Groundball, 34S, EV 81.9 MPH)
Wilson Hernández to third
Batting: RHB Shimei Miura 0-0: Swinging Strike
0-1: Fly out, F7 (Flyball, 7S, EV 86.2 MPH)
Bottom of the 6th over - 0 runs, 1 hit, 0 errors, 1 left on base; Athletic Club KC 0 - Nashville 0
TOP OF THE 7TH
Athletic Club KC batting - Pitching for Nashville Outlaws : RHP Jesús Cruz
Batting: LHB Cisco Hernández 0-0: Swinging Strike
0-1: Ball
1-1: Foul Ball, location: 2F
1-2: Foul Ball, location: 2F
1-2: Ball
2-2: Foul Ball, location: 2F
2-2: Foul Ball, location: 2F
2-2: SOLO HOME RUN (Line Drive, 89XD, EV 106.2 MPH), Distance : 419 ft
Batting: LHB Rafael Padilla 0-0: SINGLE (Groundball, 34, EV 105.6 MPH) (infield hit)
Batting: RHB Jimbob Ghostkeeper 0-0: Ball
Rafael Padilla steals 2nd base (no throw)
1-0: Foul Ball, location: 2F
1-1: Ball
2-1: Called Strike
2-2: Fly out, F7 (Flyball, 7LM, EV 96.2 MPH)
Runner from 2nd tags up, OUT at 3rd! 7-5
Batting: SHB Mike Ríos 0-0: Foul Ball, location: 2F
0-1: Ball
1-1: Ball
2-1: Fly out, F8 (Flyball, 8LM, EV 96.2 MPH)
Top of the 7th over - 1 run, 2 hits, 0 errors, 0 left on base; Athletic Club KC 1 - Nashville 0
BOTTOM OF THE 7TH
Nashville Outlaws batting - Pitching for Athletic Club KC : LHP Roman Phansalker
Batting: LHB Nikolai Volkoff 0-0: Ground out 1-3 (Groundball, 23, EV 88.8 MPH)
Batting: RHB Bastiaan Pieterse 0-0: Fly out, F7 (Flyball, 7LSF, EV 94.4 MPH)
Batting: RHB Broderick Sarcoma 0-0: Called Strike
0-1: Foul Ball, location: 2F
0-2: Ball
1-2: Ball
2-2: Ground out 6-3 (Groundball, 6, EV 85.6 MPH)
Bottom of the 7th over - 0 runs, 0 hits, 0 errors, 0 left on base; Athletic Club KC 1 - Nashville 0
TOP OF THE 8TH
Athletic Club KC batting - Pitching for Nashville Outlaws : RHP Jesús Cruz
Batting: RHB Ali Ben Bongo 0-0: Fly out, F3 (Popup, 3F, EV 65.0 MPH)
Batting: RHB James Hemwick 0-0: Ball
1-0: Called Strike
1-1: Swinging Strike
1-2: Ball
2-2: Ball
3-2: Fly out, F8 (Flyball, 89D, EV 92.5 MPH)
Batting: RHB Scott Dourque 0-0: Ground out 6-3 (Groundball, 6S, EV 67.5 MPH)
Top of the 8th over - 0 runs, 0 hits, 0 errors, 0 left on base; Athletic Club KC 1 - Nashville 0
BOTTOM OF THE 8TH
Nashville Outlaws batting - Pitching for Athletic Club KC : LHP Roman Phansalker
Batting: LHB Bartolo Soto 0-0: Called Strike
0-1: Ball
1-1: Ball
2-1: Fly out, F8 (Line Drive, 8RD, EV 89.4 MPH)
Batting: LHB Duff Eckstein 0-0: Ball
1-0: Ball
2-0: Ground out 4-3 (Groundball, 34, EV 83.8 MPH)
Batting: LHB Wilson Hernández 0-0: Ball
1-0: Foul Ball, location: 2F
1-1: Foul Ball, location: 2F
1-2: Strikes out swinging
Bottom of the 8th over - 0 runs, 0 hits, 0 errors, 0 left on base; Athletic Club KC 1 - Nashville 0
TOP OF THE 9TH
Athletic Club KC batting - Pitching for Nashville Outlaws : RHP Jesús Cruz
Batting: RHB Gerold Olthof 0-0: Swinging Strike
0-1: Ball
1-1: Ball
2-1: Foul Ball, location: 2F
2-2: Strikes out swinging
Pitching: RHP Gerald Plomp
Batting: RHB Karel van Capelle 0-0: Swinging Strike
0-1: Ball
1-1: Called Strike
1-2: Ball
2-2: Fly out, F4 (Popup, 4M, EV 58.1 MPH)
Batting: LHB Cisco Hernández 0-0: Called Strike
0-1: Ball
1-1: Ball
2-1: Ball
3-1: Foul Ball, location: 2F
3-2: Base on Balls
Batting: LHB Rafael Padilla 0-0: Called Strike
0-1: Ball
1-1: Foul Ball, location: 2F
1-2: Foul Ball, location: 2F
1-2: Strikes out swinging
Top of the 9th over - 0 runs, 0 hits, 0 errors, 1 left on base; Athletic Club KC 1 - Nashville 0
BOTTOM OF THE 9TH
Nashville Outlaws batting - Pitching for Athletic Club KC : LHP Roman Phansalker
Pitching: RHP Butch Cummings
Batting: LHB Daniel Page 0-0: TRIPLE (Line Drive, 7LD, EV 108.1 MPH)
Batting: LHB Juan Santángel 0-0: Called Strike
0-1: Foul Ball, location: 2F
0-2: Ball
1-2: Fly out, F7 (Flyball, 78S, EV 86.9 MPH)
Runner from 3rd tags up, SCORES, throw by LF
Batting: RHB Shimei Miura 0-0: Ball
1-0: Foul Ball, location: 2F
1-1: Foul Ball, location: 2F
1-2: Ball
2-2: Strikes out looking
Batting: LHB Nikolai Volkoff 0-0: Ball
1-0: Ball
2-0: Fly out, F9 (Flyball, 9S, EV 83.1 MPH)
Bottom of the 9th over - 1 run, 1 hit, 0 errors, 0 left on base; Athletic Club KC 1 - Nashville 1
TOP OF THE 10TH
Athletic Club KC batting - Pitching for Nashville Outlaws : RHP Gerald Plomp
Pitching: RHP Mark Zaugg
Batting: RHB Jimbob Ghostkeeper 0-0: Ball
1-0: Foul Ball, location: 2F
1-1: Called Strike
1-2: Ground out 6-3 (Groundball, 6S, EV 88.1 MPH)
Batting: SHB Mike Ríos 0-0: Called Strike
0-1: Ball
1-1: Ball
2-1: SOLO HOME RUN (Flyball, 89XD, EV 104.4 MPH), Distance : 419 ft
Batting: RHB Ali Ben Bongo 0-0: Ball
1-0: Ball
2-0: Called Strike
2-1: Ball
3-1: Called Strike
3-2: Fly out, F4 (Line Drive, 4, EV 70.0 MPH)
Batting: RHB James Hemwick 0-0: Ball
1-0: SINGLE (Groundball, 6MD, EV 95.6 MPH)
Pitching: RHP Frank Butler
Batting: RHB Scott Dourque 0-0: Called Strike
James Hemwick steals 2nd base (no throw)
0-1: Ball
1-1: Foul Ball, location: 2F
1-2: Strikes out swinging
Top of the 10th over - 1 run, 2 hits, 0 errors, 1 left on base; Athletic Club KC 2 - Nashville 1
BOTTOM OF THE 10TH
Nashville Outlaws batting - Pitching for Athletic Club KC : RHP Butch Cummings
Batting: RHB Bastiaan Pieterse 0-0: Called Strike
0-1: Ball
1-1: Swinging Strike
1-2: SINGLE (Groundball, 6D, EV 108.1 MPH)
Batting: RHB Broderick Sarcoma 0-0: Fly out, F9 (Line Drive, 9, EV 93.1 MPH)
Batting: LHB Bartolo Soto 0-0: Ball
1-0: Grounds into double play, 4-6-3 (Groundball, 4, EV 95.0 MPH)
Bottom of the 10th over - 0 runs, 1 hit, 0 errors, 0 left on base; Athletic Club KC 2 - Nashville 1
Friday, March 26th, 2021 - OOTP Baseball 20.8 Build 74